 Dungeon Crawl Stone Soup version 0.25-a0-464-g3004169 (webtiles) character file.

Game seed: 13212636680312974094, levelgen mode: deterministic

364 15 the Conjurer (level 6, 0/32 HPs)
             Began as a Tengu Fire Elementalist on Feb 3, 2020.
             Was a Follower of Vehumet.
             Succumbed to a worker ant's poison
             ... on level 4 of the Dungeon.
             The game lasted 00:13:41 (2899 turns).

15 the Conjurer (Tengu Fire Elementalist)           Turns: 2899, Time: 00:13:42

Health: 0/32       AC:  4    Str: 10    XL:     6   Next: 67%
Magic:  11/12      EV: 21    Int: 16    God:    Vehumet [*.....]
Gold:   217        SH:  0    Dex: 19    Spells: 3/11 levels left

rFire    . . .     SeeInvis .   e - +0 mace (venom)
rCold    . . .     Gourm    .   (no shield)
rNeg     . . .     Faith    .   q - +0 robe
rPois    .         Spirit   .   (helmet restricted)
rElec    .         Reflect  .   a - +1 cloak
rCorr    .         Harm     .   (no gloves)
MR       .....                  (boots unavailable)
Stlth    +++.......             (no amulet)
HPRegen  0.10/turn              r - +2 ring of slaying
MPRegen  0.13/turn              (no ring)

@: agile, lethally poisoned (0 -> -3), flying quickly and evasively, quick
A: beak, talons 3, able to fly
a: Stop Flying, Renounce Religion


You were on level 4 of the Dungeon.
You worshipped Vehumet.
Vehumet was aware of your devotion.
You were not hungry.

You visited 1 branch of the dungeon, and saw 4 of its levels.

You collected 217 gold pieces.

Inventory:

Hand Weapons
 e - a +0 mace of venom (weapon)
 f - a +1 short sword of flaming
 l - a +0 short sword of venom
 p - a +0 scythe
Missiles
 o - 2 curare-tipped darts (quivered)
Armour
 a - a +1 cloak (worn)
 q - a +0 robe (worn)
Jewellery
 r - a +2 ring of slaying (left hand)
Wands
 b - a wand of disintegration (12)
Scrolls
 d - a scroll of remove curse {unknown}
 n - a scroll of fear {unknown}
Potions
 h - a potion of might
 j - 3 potions of agility
Comestibles
 c - 8 rations


   Skills:
 + Level 0.3 Fighting
 + Level 0.8 Short Blades
 + Level 0.5 Maces & Flails
 * Level 1.7 Armour
 + Level 2.6 Dodging
 + Level 2.6 Stealth
 + Level 3.3 Spellcasting
 * Level 4.8 Conjurations
 + Level 4.7 Fire Magic


You had 3 spell levels left.
You knew the following spells:

 Your Spells              Type           Power        Failure   Level  Hunger
a - Foxfire               Conj/Fire      ###.         2%          1    None
b - Inner Flame           Hex/Fire       ##......     21%         3    ###....
c - Conjure Flame         Conj/Fire      ###.....     8%          3    ###....
d - Sandblast             Erth           #.....       19%         1    None

Your spell library contained the following spells:

 Spells                   Type           Power        Failure   Level  Hunger
 Sticky Flame             Conj/Fire      ###.....     26%         4    ####...
 Fireball                 Conj/Fire      ###.......   56%         5    ######.


Dungeon Overview and Level Annotations

Branches:
Dungeon (4/15)
 Temple: D:4-7

Altars:
Sif Muna
Vehumet


Innate Abilities, Weirdness & Mutations

You have a beak for a mouth.
You have claws for feet.
You can fly continuously.


Message History

Your surroundings suddenly seem different.
Found a potion of agility.
* * * LOW HITPOINT WARNING * * *
You feel sick.
Found 3 gold pieces.
* * * LOW HITPOINT WARNING * * *
You feel sick.
You see here a potion of agility.
What are your orders? t - Shout!
Orders for allies: a - Attack new target. r - Retreat! s - Stop attacking. g - Guard the area. f - Follow me.
Anything else - Cancel.
Guard this area!
Unknown command.
j - 3 potions of agility (gained 1)
* * * LOW HITPOINT WARNING * * *
You feel sick.
You die...

#.. .. #.
.######.###### ###
.......#.....# ..#
###.####.# #.#
#.....#
#.##########.....##.#
#.##............@.$#
#.##.#######.....##.#
#.#...######.....# #
#..............###
###...##########
.###.## #.##<# ##.#.#
##..#


There were no monsters in sight!

Vanquished Creatures
  Sigmund (D:4)
  An orc wizard (D:2)
  2 worker ants
  3 adders (D:3)
  4 worms
  A dart slug (D:2)
  4 leopard geckos
  2 orcs (D:2)
  4 giant cockroaches
  7 goblins
  10 hobgoblins
  10 jackals
  8 kobolds
  4 quokkas
  A ball python (D:2)
  4 bats (D:1)
  4 frilled lizards
  A leopard gecko skeleton (D:4)
  12 rats
83 creatures vanquished.

Vanquished Creatures (others)
  183 foxfires
183 creatures vanquished.

Grand Total: 266 creatures vanquished

Notes
Turn   | Place    | Note
-------+----------+-------------------------------------------
     0 | D:1      | 15 the Tengu Fire Elementalist began the quest for the Orb.
     0 | D:1      | Reached XP level 1. HP: 10/10 MP: 4/4
    75 | D:1      | Reached XP level 2. HP: 9/15 MP: 1/6
   269 | D:1      | You fall into a shaft and drop 1 floor!
   681 | D:1      | Reached XP level 3. HP: 19/19 MP: 2/7
   922 | D:2      | Learned a level 3 spell: Inner Flame
  1031 | D:2      | Reached XP level 4. HP: 23/24 MP: 1/9
  1160 | D:2      | Learned a level 3 spell: Conjure Flame
  1164 | D:2      | Found a radiant altar of Vehumet.
  1254 | D:2      | Became a worshipper of Vehumet
  1967 | D:3      | Gained mutation: You can fly continuously. [Tengu growth]
  1967 | D:3      | Reached XP level 5. HP: 26/28 MP: 3/10
  1993 | D:3      | Reached * piety under Vehumet
  1993 | D:3      | Offered knowledge of Sandblast by Vehumet.
  1996 | D:3      | Learned a level 1 spell: Sandblast
  2382 | D:3      | Found a shimmering blue altar of Sif Muna.
  2641 | D:3      | Reached skill level 1 in Armour
  2745 | D:4      | Noticed Sigmund
  2754 | D:4      | Killed Sigmund
  2754 | D:4      | Reached XP level 6. HP: 25/32 MP: 4/12
  2896 | D:4      | HP: 1/32 [poisoned by a worker ant]
  2899 | D:4      | Succumbed to a worker ant's poison

Levels and vault maps discovered:
D:1:      dpeg_arrival_ratfight, layout_basic
D:2:      minmay_angry_zag, layout_loops_corners, vehumet_crystals
D:3:      layout_basic, led_sif_pool, hex_medium
D:4:      layout_loops_ring, kennysheep_mini_moat, uniq_eustachio, uniq_sigmund

Skill      XL: |  1  2  3  4  5 |
---------------+----------------+-----
Fire Magic     | 4 |  4.7
Conjurations   | 2 4 |  4.8
Spellcasting   | 3 |  3.3
Armour         | 1 |  1.7
Fighting       | |  0.3
Short Blades   | |  0.8
Maces & Flails | |  0.5
Dodging        | |  2.6
Stealth        | |  2.6

Action                   |  1- 3 |  4- 6 || total
-------------------------+-------+-------++-------
Melee: Unarmed           |     9 |       ||     9
       Kick              |     6 |     7 ||    13
       Peck              |     5 |     8 ||    13
       Short sword       |    12 |    37 ||    49
       Club              |     5 |       ||     5
       Mace              |       |    10 ||    10
       Scythe            |       |     2 ||     2
Throw: Dart              |       |     2 ||     2
 Cast: Foxfire           |    58 |    76 ||   134
 Abil: Fly               |       |     1 ||     1
  Use: Potion            |     1 |     1 ||     2
       Scroll            |       |     6 ||     6
 Stab: Sleeping          |     1 |     1 ||     2
  Eat: Chunk             |     1 |     6 ||     7
Armor: Robe              |     8 |     3 ||    11
Dodge: Dodged            |    20 |    47 ||    67

Table legend:
 A = Non-vault XP
 B = Vault XP
 C = Vault XP percentage of total XP
 D = Non-vault monster count
 E = Vault monster count
 F = Vault count percentage of total count
                 A         B        C        D         E       F
            +---------+---------+-------+---------+---------+-------
      Total |     285 |     235 |  45.2 |      73 |      10 |  12.0
            +---------+---------+-------+---------+---------+-------
        D:1 |      32 |       5 |  13.5 |      20 |       5 |  20.0
        D:2 |      83 |       7 |   7.8 |      20 |       4 |  16.7
        D:3 |     132 |       0 |   0.0 |      29 |       0 |   0.0
        D:4 |      38 |     223 |  85.4 |       4 |       1 |  20.0
            +---------+---------+-------+---------+---------+-------
